 Dungeon Crawl Stone Soup version 0.31-a0-1074-g0b22e4e0f1 (webtiles) character file.

Game seed: 7691193603811681490

343 Jeffwins the Ruffian (level 6, -11/46 HPs)
             Began as an Armataur Shapeshifter on Nov 26, 2023.
             Mangled by Menkaure (15 damage)
             ... on level 4 of the Dungeon.
             The game lasted 00:03:41 (2808 turns).

Jeffwins the Ruffian (Armataur Shapeshifter)        Turns: 2808, Time: 00:03:42

Health: -11/46     AC:  6    Str: 20    XL:     6   Next: 31%
Magic:  7/7        EV:  9    Int: 12    God:
Gold:   174        SH:  0    Dex:  9    Spells: 7/7 levels left

rFire   . .          .
                       - Unarmed
rCold   + . .        (no shield)
rNeg    . . .        g - +2 leather armour {rC+}
rPois   +            (helmet currently unavailable)
rElec   .            (cloak currently unavailable)
rCorr   .            (gloves currently unavailable)
SInv    .            (no barding)
Will    .....        (no amulet)
Stlth   ++           P - ring of poison resistance
HPRegen 0.27/turn    (no ring)
MPRegen 0.10/turn

%: roll
@: beast-form
A: beast (slay +2), large, deformed body, tough skin 3, armoured tail, roll 1,
long tongue
a: Begin Untransformation


You were on level 4 of the Dungeon.
You were a hulking beast.
You visited 1 branch of the dungeon, and saw 4 of its levels.

You collected 174 gold pieces.


Innate Abilities, Weirdness & Mutations

You are a hulking beast.
Your limbs bulge with bestial killing power. (Slay +2)
Armour fits poorly on your strangely shaped body.
You have extremely tough skin. (AC +3)
You have a long armoured tail.
You roll when moving toward enemies. (Rampage)
Your long tongue fully drains potion bottles. (2x potion effects)


   Skills:
 - Level 0.8 Fighting
 - Level 1.3 Dodging
 + Level 3.0 Stealth
 * Level 4.4 Unarmed Combat
 + Level 1.2 Spellcasting
 * Level 4.2 Shapeshifting


You had 7 spell levels left.
You didn't know any spells.
Your spell library contained the following spells:

 Spells                   Type           Power      Damage    Failure   Level
 Sting                    Tmut/Pois      0%         1d3       34%         1
 Ensorcelled Hibernation  Hex/Ice        0%         N/A       47%         2
 Passwall                 Tmut/Erth      0%         N/A       47%         2
 Poisonous Vapours        Pois/Air       0%         N/A       47%         2
 Sublimation of Blood     Necr           0%         N/A       47%         2
 Dazzling Flash           Conj/Hex       0%         N/A       71%         3
 Swiftness                Air            0%         N/A       71%         3
 Volatile Blastmotes      Fire/Tloc      0%         2d10      71%         3
 Olgreb's Toxic Radiance  Pois           0%         N/A       98%         4
 Petrify                  Tmut/Erth      0%         N/A       98%         4
 Irradiate                Conj/Tmut      0%         3d11      100%        5
 Starburst                Conj/Fire      0%         6d3       100%        6
 Maxwell's Capacitive Co  Air            0%         ∞         100%        8

Inventory:

Missiles
 e - 5 poisoned darts (quivered)
Armour
 g - a +2 leather armour of cold resistance (worn)
 o - a +0 helmet
Jewellery
 j - an amulet of magic regeneration
 L - a ring of flight
 P - a ring of poison resistance (left hand)
 W - a ring of magical power
Talismans
 c - a beast talisman
 d - a flux talisman
 h - a beast talisman
Scrolls
 a - 4 scrolls of teleportation {@r4}
 f - a scroll of butterflies
 n - a scroll of enchant armour
 p - a scroll of torment {unknown}
Potions
 b - a potion of lignification {!q}
 i - a potion of heal wounds {unknown}
 k - a potion of enlightenment {unknown}
 l - 3 potions of magic
 m - 4 potions of mutation {!q}

Dungeon Overview and Level Annotations

Branches:
Dungeon (4/15)
 Temple: D:4-7

Altars:

Shops:
D:4 :

Annotations:
D:4 Menkaure

## #.#.#.#.<#..
.># #.#...######
#.# #.#.........
#.# #.#.########
#.# #.#.# #.#
#.#.######
#.#####.#......#
#?......###.####
#h####### #.#
#M# #.# #.# #.#
#.# #######.#
#.# #.......#
#.# #.#######
#.# #.# #.# #.#
#####
#.####...#####


You could see Menkaure.


Message History

You have reached level 6!
Unknown command.
You hear the rusting of a very distant drain.
You see here a black bear corpse.
e - a poisoned dart
e - 2 poisoned darts (gained 1)
e - 4 poisoned darts (gained 2)
e - 5 poisoned darts (gained 1)
Found a scroll labelled VOCZUD ROSEG.
You hear the rusting of a very distant drain.
Menkaure, Prince of Dust comes into view.
Found a stone staircase leading down.
Menkaure shouts!
Menkaure calls on the powers of darkness!
Your body is wracked with pain!
Menkaure calls on the powers of darkness!
Your body is wracked with pain!
* * * LOW HITPOINT WARNING * * *
You punch Menkaure!
Menkaure is moderately damaged.
Unknown command.
You hit Menkaure but do no damage.
Menkaure is moderately damaged.
Menkaure hits you!
* * * LOW HITPOINT WARNING * * *
Unknown command.
You hit Menkaure but do no damage.
Menkaure is moderately damaged.
Menkaure hits you!
You die...

Skill      XL: |  1  2  3  4  5 |
---------------+----------------+-----
Unarmed Combat | 3 4 |  4.4
Stealth        | 1 2 3 |  3.0
Shapeshifting  | 3 4 |  4.2
Spellcasting   | 1 |  1.2
Fighting       | |  0.8
Dodging        | |  1.3

Action                     |  1- 3 |  4- 6 || total
---------------------------+-------+-------++-------
  Melee: Unarmed           |    75 |    92 ||   167
         Tailslap          |     9 |    11 ||    20
         Punch             |     1 |       ||     1
  Throw: Dart              |       |     6 ||     6
    Use: Scroll            |       |     5 ||     5
         Potion            |       |     1 ||     1
   Stab: Sleeping          |       |     2 ||     2
 Armour: Animal skin       |    16 |       ||    16
         Leather armour    |    20 |    50 ||    70
         Skin              |       |     9 ||     9
  Dodge: Dodged            |    27 |    19 ||    46

Levels and vault maps discovered:
D:1:      eino_arrival_water_star, layout_basic,
          dreamdust_ecumenical_altar_sealed_demon
D:2:      layout_basic, kennysheep_generic_room_6, uniq_jessica
D:3:      layout_basic, gammafunk_ghost_split, serial_forest,
          infiniplex_forest_end_2, infiniplex_forest_lined_corner,
          infiniplex_forest_clump_curved, infiniplex_forest_clump_small,
          infiniplex_forest_join, infiniplex_forest_3_way
D:4:      layout_basic, serial_shops, nicolae_shop_behind_doors,
          gup_sewer_entry_pipe, uniq_menkaure

Notes
Turn   | Place    | Note
-------+----------+-------------------------------------------
     0 | D:1      | Jeffwins the Armataur Shapeshifter began the quest for the
                  | Orb.
     0 | D:1      | Reached XP level 1. HP: 15/15 MP: 1/1
   299 | D:1      | Reached XP level 2. HP: 21/22 MP: 2/2
   318 | D:1      | Reached skill level 3 in Unarmed Combat
   322 | D:1      | Found a faded altar of an unknown god.
   368 | D:1      | Reached skill level 1 in Stealth
   368 | D:1      | Reached skill level 3 in Shapeshifting
   898 | D:2      | Reached XP level 3. HP: 27/27 MP: 3/3
   905 | D:2      | Noticed Jessica
   912 | D:2      | Killed Jessica
  1021 | D:2      | Reached XP level 4. HP: 34/34 MP: 4/4
  1469 | D:2      | Reached skill level 2 in Stealth
  1833 | D:3      | Found a runed translucent gate.
  1835 | D:3      | Found a runed translucent gate.
  1835 | D:3      | Noticed bmb222's ghost (amateur OpSh)
  2178 | D:3      | Found a runed translucent gate.
  2215 | D:3      | Killed bmb222's ghost
  2216 | D:3      | Reached skill level 4 in Unarmed Combat
  2216 | D:3      | Reached XP level 5. HP: 39/39 MP: 4/6
  2476 | D:3      | Reached skill level 4 in Shapeshifting
  2614 | D:4      | Reached skill level 1 in Spellcasting
  2705 | D:4      | Found Genwul's Book Shop.
  2729 | D:4      | Noticed a black bear
  2738 | D:4      | Killed a black bear
  2739 | D:4      | Reached skill level 3 in Stealth
  2739 | D:4      | Reached XP level 6. HP: 37/46 MP: 7/7
  2804 | D:4      | Noticed Menkaure
  2807 | D:4      | HP: 4/46 [Menkaure (10)]
  2808 | D:4      | Mangled by Menkaure

Vanquished Creatures
  A black bear (D:4)
  The ghost of bmb222 the Insei, an amateur OpSh (D:3)
  A jelly (D:4)
  Jessica (D:2)
  5 adders (D:3)
  A worm (D:2)
  2 dart slugs
  2 orcs
  5 endoplasms
  3 giant cockroaches
  5 goblins
  7 hobgoblins
  4 jackals (D:2)
  8 kobolds
  4 quokkas
  6 ball pythons
  5 bats
  3 frilled lizards
  9 rats
73 creatures vanquished.

Table legend: (Time is in decaauts)
 A = Elapsed time spent in this place.
 B = Non-inter-level travel time spent in this place.
 C = Inter-level travel time spent in this place.
 D = Time resting spent in this place.
 E = Time spent auto-exploring this place.
 F = Levels seen in this place.
 G = Mean time per level.
                   A        B        C        D        E       F      G
               +--------+--------+--------+--------+--------+-----+--------+
         Total |   2796 |   2703 |     93 |     16 |   2215 |   4 |  699.0 |
       Dungeon |   2796 |   2703 |     93 |     16 |   2215 |   4 |  699.0 |
               +--------+--------+--------+--------+--------+-----+--------+

Top non-repeatable levels by time:
     D:2: 921 daAuts
     D:1: 878 daAuts
     D:3: 785 daAuts
     D:4: 210 daAuts

Table legend:
 A = Non-vault XP
 B = Vault XP
 C = Vault XP percentage of total XP
 D = Non-vault monster count
 E = Vault monster count
 F = Vault count percentage of total count
                 A         B        C        D         E       F
            +---------+---------+-------+---------+---------+-------
      Total |     343 |     147 |  30.0 |      67 |       6 |   8.2
            +---------+---------+-------+---------+---------+-------
        D:1 |      39 |       0 |   0.0 |      25 |       0 |   0.0
        D:2 |      49 |      39 |  44.3 |      26 |       2 |   7.1
        D:3 |      84 |     108 |  56.2 |      14 |       4 |  22.2
        D:4 |     171 |       0 |   0.0 |       2 |       0 |   0.0
            +---------+---------+-------+---------+---------+-------
